 Dungeon Crawl Stone Soup version 0.28.0-45-g0d030f2227 (webtiles) character file.

Game seed: 17129159116792062859

819 theElss the Skirmisher (level 7, -1/45 HPs)
             Began as a Gargoyle Berserker on Apr 12, 2022.
             Was a Believer of Trog.
             Slain by an ogre
             ... wielding a +0 giant club
              (4 damage)
             ... on level 5 of the Dungeon.
             The game lasted 00:08:45 (4305 turns).

theElss the Skirmisher (Gargoyle Berserker)         Turns: 4305, Time: 00:08:47

Health: -1/45      AC: 20    Str: 21    XL:     7   Next: 95%
Magic:  7/7        EV: 11    Int:  7    God:    Trog [**....]
Gold:   203        SH:  0    Dex: 15    Spells: 6/6 levels left

rFire   . . .      SeeInvis .   a - +0 mace
rCold   . . .      Faith    .   (no shield)
rNeg    + . .      Spirit   .   s - +3 scale mail of Relativism {rPois Dex+4 Stlth+}
rPois   ∞          Reflect  .   i - +0 helmet
rElec   +          Harm     .   (no cloak)
rCorr   .          Rampage  .   (no gloves)
Will    ++...                   (no boots)
Stlth   +.........              c - amulet of the acrobat
HPRegen 1.15/turn               g - +4 ring of protection
MPRegen 0.10/turn               (no ring)

@: strong-willed (expiring), on berserk cooldown, regenerating (expiring),
slowed, very slow
A: sickness immunity, AC +4, negative energy resistance 1, electricity
resistance, torment resistance 1, petrification resistance
a: Renounce Religion, Berserk, Trog's Hand


You were on level 5 of the Dungeon.
You worshipped Trog.
Trog was pleased with you.
You visited 1 branch of the dungeon, and saw 5 of its levels.

You collected 203 gold pieces.

Inventory:

Hand Weapons
 a - a +0 mace (weapon)
Armour
 d - a +0 ring mail
 i - a +0 helmet (worn)
 p - a +0 chain mail
 s - the +3 scale mail of Relativism (worn) {rPois Dex+4 Stlth+}
   (You found it on level 4 of the Dungeon)

   Dex:       It affects your dexterity (+4).
   rPois:     It protects you from poison.
   Stlth:     It makes you more stealthy.
Jewellery
 c - an amulet of the acrobat (around neck)
 g - a +4 ring of protection (left hand)
 o - an amulet of guardian spirit
Wands
 j - a wand of flame (5)
 q - a wand of charming (10)
 v - a wand of mindburst (18)
Scrolls
 b - a scroll of enchant armour {unknown}
 e - a scroll of amnesia
 h - a scroll of immolation {unknown}
 k - 2 scrolls of teleportation {unknown}
 m - 3 scrolls of noise
 n - a scroll of identify {unknown}
 t - a scroll of enchant weapon {unknown}
Potions
 f - a potion of magic {unknown}
 l - a potion of attraction {unknown}
 r - 2 potions of curing {unknown}
 u - a potion of haste {unknown}


   Skills:
 + Level 5.7 Fighting
 + Level 5.2 Maces & Flails
 + Level 5.1 Armour
 + Level 3.8 Dodging


You had 6 spell levels left.
You didn't know any spells.
Your spell library was empty.

Dungeon Overview and Level Annotations

Branches:
Dungeon (5/15)
 Temple: D:4-7

Altars:
Xom

Shops:
D:3 ((

Annotations:
D:5 Sigmund


Innate Abilities, Weirdness & Mutations

You are immune to sickness and miasma.
Your stone body is resilient. (AC +4)
You are immune to poison.
You resist negative energy. (rN+)
You are resistant to electric shocks. (rElec)
You are resistant to unholy torment.
You are immune to petrification.


Message History

You closely miss something. Something hits you but does no damage.
You closely miss something. The ogre barely misses you.
You miss something. Something hits you but does no damage.
The ogre closely misses you.
You thump something! You barely miss something.
Something completely misses you. The ogre hits you but does no damage.
You barely miss something. You closely miss something.
You are no longer berserk.
You are exhausted.
You feel yourself slow down. The ogre hits you with a +0 giant club.
You hit something but do no damage. Something hits you but does no damage.
The ogre closely misses you.
You hit something. Something hits you! The ogre hits you with a +0 giant club.
The ogre hits you with a +0 giant club!!
* * * LOW HITPOINT WARNING * * *
Something hits you but does no damage. The ogre hits you with a +0 giant club.
* * * LOW HITPOINT WARNING * * *
You see here 14 gold pieces.
Unknown command.
Something completely misses you.
You barely miss the ogre. The ogre closely misses you. Something hits you.
* * * LOW HITPOINT WARNING * * *
The ogre completely misses you.
You feel the effects of Trog's Hand fading.
There is an open door here.
As you read the scroll labelled KOHEKA DOTTUSH, it crumbles to dust.
It is a scroll of amnesia.
You feel forgetful for a moment. The ogre hits you with a +0 giant club.
* * * LOW HITPOINT WARNING * * *
Something hits you but does no damage.
As you read the scroll labelled ESCHAKHL UTRIUT, it crumbles to dust.
You hear a loud clanging noise!
It was a scroll of noise.
You hear an angry hiss.
The ogre hits you with a +0 giant club!
* * * LOW HITPOINT WARNING * * *
Something hits you but does no damage. The ogre hits you with a +0 giant club.
You die...

#≈..≈≈≈..≈# ###..##.
#.≈≈≈§≈≈≈.# ##.#..##.
#.........#####........
..#########.+......†....
..#.........####.....###
#.......## ##.#.##
##.....## ###†# ##...##
###.# ##@## #...# #O#
#####...#### #.#
............ ##$###
............ #....#
..≈≈........ #.....#
.≈..≈....... .......##
≈≈..≈..≈≈... #.....#..#
≈..≈..≈..≈.. ......#..#
...≈.⌠≈..≈..


You could see an ogre.

Vanquished Creatures
  A sky beast (D:5)
  2 ogres
  2 scorpions
  A water moccasin skeleton (D:5)
  A bullfrog skeleton (D:5)
  An orc priest (D:3)
  2 iguanas (D:5)
  Natasha (thrice) (D:2)
  An orc wizard (D:4)
  8 adders
  An ufetubus (D:4)
  An adder skeleton (D:5)
  4 worms
  7 orcs
  7 endoplasms
  5 giant cockroaches
  13 goblins
  7 hobgoblins
  3 jackals
  2 quokkas
  6 ball pythons
  6 bats
  2 frilled lizards (D:1)
  6 kobolds
  5 rats
97 creatures vanquished.

Notes
Turn   | Place    | Note
-------+----------+-------------------------------------------
     0 | D:1      | theElss the Gargoyle Berserker began the quest for the Orb.
     0 | D:1      | Reached XP level 1. HP: 14/14 MP: 1/1
    76 | D:1      | Found a faded altar of an unknown god.
   231 | D:1      | Reached XP level 2. HP: 19/19 MP: 2/2
  1107 | D:1      | Reached XP level 3. HP: 23/23 MP: 3/3
  1181 | D:2      | Reached ** piety under Trog
  1446 | D:2      | Reached XP level 4. HP: 23/29 MP: 4/4
  1517 | D:2      | Noticed Natasha
  1526 | D:2      | Killed Natasha
  1786 | D:2      | Noticed Natasha
  1795 | D:2      | Killed Natasha
  1932 | D:2      | Reached XP level 5. HP: 33/33 MP: 5/5
  2072 | D:2      | Noticed Natasha
  2083 | D:2      | Killed Natasha
  2666 | D:3      | Found Imasad's Weapon Shop.
  2774 | D:3      | Found Cofeufor's Magic Scroll Shoppe.
  2782 | D:3      | Found Mop Jiuwosm's Antique Weapon Emporium.
  2897 | D:3      | Reached XP level 6. HP: 39/39 MP: 6/6
  3671 | D:4      | Reached skill level 5 in Fighting
  3703 | D:4      | Reached XP level 7. HP: 44/44 MP: 7/7
  3744 | D:4      | Identified the +3 scale mail of Relativism {rPois Dex+4
                  | Stlth+}
  3956 | D:5      | Entered Level 5 of the Dungeon
  4185 | D:5      | Reached skill level 5 in Maces & Flails
  4194 | D:5      | Reached skill level 5 in Armour
  4253 | D:5      | Found a shimmering altar of Xom.
  4281 | D:5      | Noticed Sigmund
  4305 | D:5      | Slain by an ogre

Illustrated notes

Levels and vault maps discovered:
D:1:      heliophobic_arrival_enchanted_forest, layout_loops_ring,
          hellmonk_ecumenical_altar_lost_god, serial_glass, glass_columns_c,
          glass_columns_c, glass_columns_b, glass_columns_b, glass_columns_a,
          glass_columns_a, glass_columns_b, glass_columns_c,
          minmay_strange_pillars, minmay_strange_pillars, minmay_misc_feat_iff,
          minmay_misc_feat_square
D:2:      layout_basic, kennysheep_generic_room_3, uniq_natasha
D:3:      layout_loops_cross, serial_shops, shop_scrolls,
          nicolae_shop_advertising_works [nicolae_subvault_shop_adworks],
          nicolae_shop_competitors_out_of_business, minivault_23
D:4:      layout_basic, minmay_between
D:5:      cheibrodos_helix_gallery, layout_loops_corners,
          mainiacjoe_overflow_paths, uniq_duvessa, uniq_sigmund

Skill      XL: |  1  2  3  4  5  6  7 |
---------------+----------------------+-----
Dodging        | 2 3 |  3.8
Armour         | 3 4 5 |  5.1
Fighting       | 4 5 |  5.7
Maces & Flails | 4 5 |  5.2

Action                   |  1- 3 |  4- 6 |  7- 9 || total
-------------------------+-------+-------+-------++-------
Melee: Mace              |    93 |   175 |    79 ||   347
       Punch             |       |     1 |       ||     1
Invok: Berserk           |     1 |     5 |     3 ||     9
       Trog's Hand       |       |       |     1 ||     1
  Use: Scroll            |       |       |     2 ||     2
 Stab: Sleeping          |       |       |     1 ||     1
Armor: Animal skin       |    16 |       |       ||    16
       Ring mail         |    22 |    76 |       ||    98
       Scale mail        |       |       |    37 ||    37
       Chain mail        |       |       |     1 ||     1
Dodge: Dodged            |    64 |   141 |    44 ||   249
